 Dungeon Crawl Stone Soup version 0.32-a0-485-g70f7560b1c (webtiles) character file.

Game seed: 15553584679229373263

5 Rennog the Shield-Bearer (level 1, 0/19 HPs)
             Began as a Mountain Dwarf Fighter on Feb 22, 2024.
             Slain by a goblin
             ... wielding a +0 club
              (1 damage)
             ... on level 1 of the Dungeon on Feb 27, 2024.
             The game lasted 00:02:07 (132 turns).

Rennog the Shield-Bearer (Mountain Dwarf Fighter)    Turns: 132, Time: 00:02:08

Health: 0/19       AC:  6    Str: 18    XL:     1   Next: 66%
Magic:  1/1        EV:  9    Int:  8    God:
Gold:   16         SH:  4    Dex:  9    Spells: 0/0 levels left

rFire   . . .        a - +0 rapier
rCold   . . .        c - +0 buckler
rNeg    . . .        b - +0 scale mail
rPois   .            (no helmet)
rElec   .            (no cloak)
rCorr   .            (no gloves)
SInv    .            (no boots)
Will    .....        (no amulet) Stlth
                     (no ring)
HPRegen 0.23/turn    (no ring)
MPRegen 0.07/turn

%: no passive effects
@: no status effects
A: runic magic, artefact enchanting
a: no special abilities


You were on level 1 of the Dungeon.
You visited 1 branch of the dungeon, and saw 1 of its levels.

You collected 16 gold pieces.

Inventory:

Hand Weapons
 a - a +0 rapier (weapon)
Armour
 b - a +0 scale mail (worn)
 c - a +0 buckler (worn)
Scrolls
 e - a scroll of amnesia {unknown}
 f - a scroll of enchant armour {unknown}
Potions
 d - a potion of might


   Skills:
 + Level 3.4 Fighting
 + Level 1.7 Short Blades
 + Level 3.4 Armour
 + Level 3.4 Shields


You couldn't memorise any spells.
You didn't know any spells.
Your spell library was empty.

Dungeon Overview and Level Annotations

Branches:
Dungeon (1/15)

Altars:


Innate Abilities, Weirdness & Mutations

Your spellcasting is much less encumbered by armour.
You can use scrolls of enchantment on lesser artefacts.


Message History

You miss the goblin.
An endoplasm comes into view.
The goblin misses you.
You closely miss the goblin. The goblin hits you with a +0 club.
You hit the goblin but do no damage. You block the goblin's attack.
The endoplasm closely misses you.
You barely miss the goblin. You block the goblin's attack.
The endoplasm closely misses you.
The rat twitches its whiskers.
You barely miss the goblin. You block the goblin's attack.
The endoplasm hits you.
You closely miss the goblin. The goblin hits you with a +0 club.
The endoplasm freezes you.
You are frozen.
* * * LOW HITPOINT WARNING * * *
You block the goblin's attack.
You hit the goblin.
The goblin is moderately wounded.
The endoplasm hits you but does no damage.
The goblin barely misses you.
The endoplasm hits you but does no damage.
You closely miss the goblin. The goblin hits you but does no damage.
The endoplasm closely misses you.
You hit the endoplasm.
The endoplasm is heavily wounded.
The goblin closely misses you. The endoplasm hits you.
* * * LOW HITPOINT WARNING * * *
You hit the endoplasm.
You kill the endoplasm!
The goblin hits you with a +0 club.
* * * LOW HITPOINT WARNING * * *
You closely miss the goblin. The goblin hits you with a +0 club.
* * * LOW HITPOINT WARNING * * *
You hit the goblin.
The goblin is heavily wounded.
The goblin hits you but does no damage.
You barely miss the goblin.
The goblin is heavily wounded.
You block the goblin's attack. The goblin hits you with a +0 club.
You die...

...........>......# #.#.
.##.#.##..#.##.#.##.....
....#)##.......#.##.....
....#.##.......#.......#
###.#.#........#........
# #####+###.####J....#..
#.# #r##..... #.# #g#
..#.. #.# #@# ## . #.
#.# ..# ####


You could see an endoplasm, a goblin and a rat.

Vanquished Creatures
  2 endoplasms (D:1)
  A frilled lizard (D:1)
  2 kobolds (D:1)
5 creatures vanquished.

Notes
Turn   | Place    | Note
-------+----------+-------------------------------------------
     0 | D:1      | Rennog the Mountain Dwarf Fighter began the quest for the
                  | Orb.
     0 | D:1      | Reached XP level 1. HP: 19/19 MP: 1/1
    27 | D:1      | Upgraded the game from 0.32-a0-422-g28b100f618 to
                  | 0.32-a0-485-g70f7560b1c
   132 | D:1      | Slain by a goblin

Illustrated notes

Levels and vault maps discovered:
D:1:      dpeg_arrival_fog, layout_basic, kennysheep_small_spiral,
          hangedman_abyss_or_decor_lesser_grid, bh_walls_and_bars

Action                     || total
---------------------------++-------
  Melee: Rapier            ||    32
 Armour: Scale mail        ||    29
  Dodge: Dodged            ||    18
  Block: Buckler           ||    10

Table legend: (Time is in decaauts)
 A = Elapsed time spent in this place.
 B = Non-inter-level travel time spent in this place.
 C = Inter-level travel time spent in this place.
 D = Time resting spent in this place.
 E = Time spent auto-exploring this place.
 F = Levels seen in this place.
 G = Mean time per level.
                   A        B        C        D        E       F      G
               +--------+--------+--------+--------+--------+-----+--------+
         Total |    136 |    109 |     27 |      0 |     60 |   1 |  136.0 |
       Dungeon |    136 |    109 |     27 |      0 |     60 |   1 |  136.0 |
               +--------+--------+--------+--------+--------+-----+--------+

Top non-repeatable levels by time:
     D:1: 136 daAuts
